AoeStats
← aaron05148834

Arabian Desert

509602464Analyzed
1v1 RM · 3d ago on Sep 27, 2026· 37m 10s· 2 players
Game mode
Random Map
Map size
Tiny (2 player)
Population
200
Speed
Normal
Resources
Standard
Victory
Conquest
Starting age
Dark Age
Ending age
Imperial Age
RankedLock teamsTeams togetherTeam positionsShared explorationLock speedFull tech treeHidden civsTurbo modeCheats
Victory
Defeat
🇦🇷 Huns · Argentina
537
+12
🇺🇸 Celts · United States
447
-12
aaron05148834
0:41 Loom
13:47 Feudal Age
14:06 Man-at-Arms
14:34 Arson
26:52 Castle Age
26:00 Scale Mail Armor
27:23 Long Swordsman
Conde De La Fere
8:35 Loom
10:59 Feudal Age
11:40 Double-Bit Axe
20:26 Fletching
24:16 Castle Age
24:33 Crossbowman
25:26 Scale Barding Armor
26:45 Forging
27:37 Bodkin Arrow
29:27 Padded Archer Armor
Connection lost

Rejoining the realm…

Still unreachable

The connection could not be restored.

Session expired

The server has moved on; the page needs a fresh start.